 Dungeon Crawl Stone Soup version 0.25-a0-489-g9ae84a01e3 (webtiles) character file.

Game seed: 9539090697267095142, levelgen mode: deterministic

1779 RedPan the Skirmisher (level 9, 0/69 (73) HPs)
             Began as a Gnoll Wanderer on Feb 11, 2020.
             Was a Believer of Qazlal.
             Slain by an orc warrior
             ... wielding a +0 war axe
              (19 damage)
             ... on level 6 of the Dungeon.
             The game lasted 00:11:37 (6084 turns).

RedPan the Skirmisher (Gnoll Wanderer)              Turns: 6084, Time: 00:11:37

HP:   0/69 (73)     AC: 11    Str: 17    XL:     9   Next: 8%
MP:   14/14         EV:  9    Int: 15    God:    Qazlal [**....]
Gold: 378           SH:  0    Dex: 15    Spells: 15/15 levels left

rFire    . . .     SeeInvis .   a - +3 falchion
rCold    . . .     Gourm    .   (no shield)
rNeg     . . .     Faith    .   l - +0 chain mail
rPois    .         Spirit   .   j - +1 helmet
rElec    .         Reflect  .   (no cloak)
rCorr    .         Harm     .   (no gloves)
MR       .....                  (no boots)
Stlth    ..........             e - amulet of magic regeneration
HPRegen  0.21/turn              (no ring)
MPRegen  0.39/turn              (no ring)

@: confused
A: distributed training, fangs 1, strong nose
a: Upheaval, Renounce Religion


You were on level 6 of the Dungeon.
You worshipped Qazlal.
Qazlal was pleased with you.
You were not hungry.

You visited 1 branch of the dungeon, and saw 6 of its levels.

You collected 378 gold pieces.

Inventory:

Hand Weapons
 a - a +3 falchion (weapon)
Armour
 j - a +1 helmet (worn)
 l - a +0 chain mail (worn)
 p - a +0 pavise
Jewellery
 e - an amulet of magic regeneration (around neck)
Wands
 k - a wand of random effects (27)
Scrolls
 b - 3 scrolls of magic mapping
 g - 3 scrolls of remove curse
 h - 4 scrolls of teleportation
Potions
 c - 3 potions of curing
 m - 2 potions of haste {unknown}
 n - 3 potions of brilliance
 o - 2 potions of agility {unknown}
Comestibles
 d - 5 chunks of flesh
 f - 11 rations


   Skills:
 + Level 7.6 Fighting
 + Level 3.8 Short Blades
 + Level 6.0 Long Blades
 + Level 3.8 Axes
 + Level 3.8 Maces & Flails
 + Level 3.8 Polearms
 + Level 3.8 Staves
 + Level 3.8 Slings
 + Level 4.6 Bows
 + Level 3.8 Crossbows
 + Level 3.8 Throwing
 + Level 4.6 Armour
 + Level 3.8 Dodging
 + Level 5.7 Stealth
 + Level 3.8 Shields
 + Level 3.8 Unarmed Combat
 + Level 3.8 Spellcasting
 + Level 3.1 Conjurations
 + Level 3.1 Hexes
 + Level 3.1 Charms
 + Level 3.1 Summonings
 + Level 3.1 Necromancy
 + Level 3.1 Translocations
 + Level 3.1 Transmutations
 + Level 3.1 Fire Magic
 + Level 3.1 Ice Magic
 + Level 3.1 Air Magic
 + Level 3.1 Earth Magic
 + Level 3.1 Poison Magic
 + Level 4.2 Invocations
 + Level 4.6 Evocations


You had 15 spell levels left.
You didn't know any spells.
Your spell library was empty.

Dungeon Overview and Level Annotations

Branches:
Dungeon (6/15)
 Temple: D:4-7

Altars:
Cheibriados
Dithmenos
Hepliaklqana
Nemelex Xobeh
Qazlal
Ru
Trog
Uskayaw
Xom
Yredelemnul
The Shining One


Innate Abilities, Weirdness & Mutations

Your experience applies equally to all skills.
You have very sharp teeth.
Your uncanny sense of smell can sniff out nearby items.


Message History

An orc comes into view.
You miss the orc warrior.
The orc warrior is severely wounded.
The orc warrior hits you but does no damage.
An orc comes into view.
You bump into the rock wall.
The orc warrior hits you but does no damage.
You hit the orc warrior.
The orc warrior is severely wounded.
The orc warrior hits you with a +0 war axe!
* * * LOW HITPOINT WARNING * * *
You're too confused to move!
You bump into the rock wall.
The orc warrior hits you with a +0 war axe!
* * * LOW HITPOINT WARNING * * *
Your chain mail prevents you from hitting the orc warrior.
Your bite misses the orc warrior.
The orc warrior is severely wounded.
The orc warrior hits you with a +0 war axe!!
You die...

.#.#.# #......... # #
#.#.#.# ......... .. #.
#.#.#.# #........
#...#.##.#.#.####).......
#...#........o...)......#
#....##.##.#oo...÷.......
...........#o####)..###.#
..#..#.####o# #...# #
##.#.# #@# #...# #..÷#
#.# #...# #..###..####.##
#.... #..#...........
...#.o #..####.####.##
#.##... #..# #..# <.#
#..# #..# ..# # #..# ##.#
..# .# #..# #.##..#..#


You could see an orc warrior and 4 orcs.

Vanquished Creatures
  Pikel (D:4)
  Grinder (D:4)
  A phantom (D:5)
  A necrophage (D:5)
  A centaur (D:6)
  A howler monkey (D:4)
  2 hounds
  3 orc priests
  A centaur zombie (D:5)
  5 orc wizards
  Natasha (thrice) (D:4)
  An iguana (D:5)
  4 worker ants
  A hound zombie (D:6)
  A hound skeleton (D:6)
  A howler monkey zombie (D:5)
  6 gnolls
  13 adders
  An ooze (D:2)
  4 worms
  3 dart slugs
  8 leopard geckos
  30 orcs
  A ball python (D:3)
  4 giant cockroaches
  11 goblins
  7 hobgoblins
  4 jackals (D:5)
  5 quokkas
  2 bats
  5 frilled lizards
  7 kobolds
  2 quokka skeletons
  8 rats
149 creatures vanquished.

Vanquished Creatures (others)
  2 slaves (D:4)
  2 orcs (D:4)
4 creatures vanquished.

Grand Total: 153 creatures vanquished

Notes
Turn   | Place    | Note
-------+----------+-------------------------------------------
     0 | D:1      | RedPan the Gnoll Wanderer began the quest for the Orb.
     0 | D:1      | RedPan set off with the following items: a +2 falchion, a
                  | +0 spear, a potion of curing, a +0 robe, a +0 dagger, a
                  | ration
     0 | D:1      | Reached XP level 1. HP: 23/23 MP: 2/2
   293 | D:1      | Reached XP level 2. HP: 28/29 MP: 3/3
   698 | D:1      | Reached XP level 3. HP: 35/35 MP: 4/4
  1092 | D:2      | Reached skill level 1 in Invocations
  1114 | D:2      | Reached skill level 1 in Short Blades
  1114 | D:2      | Reached skill level 1 in Axes
  1114 | D:2      | Reached skill level 1 in Maces & Flails
  1114 | D:2      | Reached skill level 1 in Polearms
  1114 | D:2      | Reached skill level 1 in Staves
  1114 | D:2      | Reached skill level 1 in Slings
  1114 | D:2      | Reached skill level 1 in Crossbows
  1114 | D:2      | Reached skill level 1 in Throwing
  1114 | D:2      | Reached skill level 1 in Dodging
  1114 | D:2      | Reached skill level 1 in Shields
  1114 | D:2      | Reached skill level 1 in Unarmed Combat
  1114 | D:2      | Reached skill level 1 in Spellcasting
  1114 | D:2      | Reached XP level 4. HP: 18/41 MP: 4/6
  1486 | D:2      | Found a sacrificial altar of Ru.
  1524 | D:2      | Reached skill level 1 in Conjurations
  1524 | D:2      | Reached skill level 1 in Hexes
  1524 | D:2      | Reached skill level 1 in Charms
  1524 | D:2      | Reached skill level 1 in Summonings
  1524 | D:2      | Reached skill level 1 in Necromancy
  1524 | D:2      | Reached skill level 1 in Translocations
  1524 | D:2      | Reached skill level 1 in Transmutations
  1524 | D:2      | Reached skill level 1 in Fire Magic
  1524 | D:2      | Reached skill level 1 in Ice Magic
  1524 | D:2      | Reached skill level 1 in Air Magic
  1524 | D:2      | Reached skill level 1 in Earth Magic
  1524 | D:2      | Reached skill level 1 in Poison Magic
  1691 | D:2      | Found a sparkling altar of Nemelex Xobeh.
  2031 | D:3      | Reached XP level 5. HP: 47/47 MP: 7/7
  2616 | D:3      | Found a stormy altar of Qazlal.
  2644 | D:3      | Became a worshipper of Qazlal Stormbringer
  2666 | D:3      | Found a hazy altar of Hepliaklqana.
  2667 | D:3      | Found a shimmering altar of Xom.
  2668 | D:3      | Noticed a spectral ugly thing
  3113 | D:3      | Reached XP level 6. HP: 47/53 MP: 8/8
  3230 | D:3      | Found a basalt altar of Yredelemnul.
  3448 | D:4      | Found a glowing golden altar of the Shining One.
  3544 | D:4      | Reached skill level 5 in Long Blades
  3611 | D:4      | Noticed Pikel
  3633 | D:4      | Noticed a slave
  3644 | D:4      | Noticed a slave
  3648 | D:4      | Killed Pikel
  3648 | D:4      | Reached * piety under Qazlal
  3648 | D:4      | Reached skill level 7 in Fighting
  3648 | D:4      | Reached skill level 5 in Stealth
  3648 | D:4      | Reached XP level 7. HP: 37/60 MP: 9/11
  3690 | D:4      | Found a snail-covered altar of Cheibriados.
  3694 | D:4      | Noticed Natasha
  3700 | D:4      | Killed Natasha
  3781 | D:4      | Reached XP level 8. HP: 57/67 MP: 12/12
  3893 | D:4      | Noticed Grinder
  3895 | D:4      | Found a shadowy altar of Dithmenos.
  3910 | D:4      | Paralysed by Grinder for 4 turns
  3915 | D:4      | Killed Grinder
  4047 | D:4      | Noticed Natasha
  4057 | D:4      | Killed Natasha
  4283 | D:4      | Noticed Natasha
  4306 | D:4      | Killed Natasha
  4342 | D:4      | Found a hide-covered altar of Uskayaw.
  4430 | D:5      | Entered Level 5 of the Dungeon
  5130 | D:5      | Found a bloodstained altar of Trog.
  5721 | D:5      | Reached ** piety under Qazlal
  5891 | D:6      | Reached XP level 9. HP: 58/68 MP: 14/14
  6084 | D:6      | Slain by an orc warrior

Levels and vault maps discovered:
D:1:      psy_arrival_whirlpool, layout_loops_ring,
          chequers_serial_rivers_small_3
D:2:      layout_basic, nemelex_xobeh_ov_fountains_minmay,
          nicolae_ru_awakened_eye, first_ration, minmay_tiny_reverse_x
D:3:      layout_basic, regret_index_temple_of_mockery,
          lemuel_coloured_pillars_altar, lemuel_round_altar, minmay_circle_x
D:4:      layout_basic, lemuel_crystal_altar, marbit_many_paths, minitemple,
          minmay_ruptured, uniq_pikel, uniq_natasha, uniq_grinder
D:5:      layout_basic, lemuel_crystal_altar
D:6:      layout_basic

Skill      XL: |  1  2  3  4  5  6  7  8  9 |
---------------+----------------------------+-----
Invocations    | 1 2 3 4 |  4.2
Short Blades   | 1 2 3 |  3.8
Axes           | 1 2 3 |  3.8
Maces & Flails | 1 2 3 |  3.8
Polearms       | 1 2 3 |  3.8
Staves         | 1 2 3 |  3.8
Slings         | 1 2 3 |  3.8
Crossbows      | 1 2 3 |  3.8
Throwing       | 1 2 3 |  3.8
Dodging        | 1 2 3 |  3.8
Shields        | 1 2 3 |  3.8
Unarmed Combat | 1 2 3 |  3.8
Spellcasting   | 1 2 3 |  3.8
Conjurations   | 1 2 3 |  3.1
Hexes          | 1 2 3 |  3.1
Charms         | 1 2 3 |  3.1
Summonings     | 1 2 3 |  3.1
Necromancy     | 1 2 3 |  3.1
Translocations | 1 2 3 |  3.1
Transmutations | 1 2 3 |  3.1
Fire Magic     | 1 2 3 |  3.1
Ice Magic      | 1 2 3 |  3.1
Air Magic      | 1 2 3 |  3.1
Earth Magic    | 1 2 3 |  3.1
Poison Magic   | 1 2 3 |  3.1
Bows           | 3 4 |  4.6
Armour         | 3 4 |  4.6
Evocations     | 3 4 |  4.6
Long Blades    | 5 6 |  6.0
Fighting       | 7 |  7.6
Stealth        | 5 |  5.7

Action                   |  1- 3 |  4- 6 |  7- 9 || total
-------------------------+-------+-------+-------++-------
Melee: Falchion          |    86 |   249 |   274 ||   609
       Bite              |     8 |    26 |    30 ||    64
       Punch             |       |     2 |     3 ||     5
  Use: Scroll            |     2 |     5 |     3 ||    10
       Potion            |       |       |     1 ||     1
 Stab: Sleeping          |     2 |       |       ||     2
  Eat: Chunk             |     1 |     8 |     8 ||    17
Armor: Chain mail        |    28 |   147 |   154 ||   329
       Robe              |     2 |       |       ||     2
Dodge: Dodged            |    30 |    64 |    92 ||   186
Block: Other             |       |       |    24 ||    24
       Rpst.: Falchion   |     7 |    18 |    28 ||    53

Table legend:
 A = Non-vault XP
 B = Vault XP
 C = Vault XP percentage of total XP
 D = Non-vault monster count
 E = Vault monster count
 F = Vault count percentage of total count
                 A         B        C        D         E       F
            +---------+---------+-------+---------+---------+-------
      Total |    1655 |     887 |  34.9 |     140 |       9 |   6.0
            +---------+---------+-------+---------+---------+-------
        D:1 |      41 |       0 |   0.0 |      23 |       0 |   0.0
        D:2 |     119 |       3 |   2.5 |      19 |       2 |   9.5
        D:3 |     186 |       7 |   3.6 |      36 |       3 |   7.7
        D:4 |     429 |     877 |  67.2 |      26 |       4 |  13.3
        D:5 |     592 |       0 |   0.0 |      26 |       0 |   0.0
        D:6 |     288 |       0 |   0.0 |      10 |       0 |   0.0
            +---------+---------+-------+---------+---------+-------
